 Dungeon Crawl Stone Soup version 0.19.3-1-g3169bf9 (webtiles) character file.

4715 ImaNewbie the Cruncher (level 10, -2/64 HPs)
             Began as a Gargoyle Gladiator on Jan 24, 2017.
             Was a Follower of Okawaru.
             Slain by a killer bee (5 damage)
             ... on level 8 of the Dungeon.
             The game lasted 00:18:27 (9269 turns).

ImaNewbie the Cruncher (Gargoyle Gladiator)         Turns: 9269, Time: 00:18:27

Health: -2/64      AC: 26    Str: 21 (23) XL:     10   Next: 45%
Magic:  10/10      EV:  8    Int:  5 (8)  God:    Okawaru [*.....]
Gold:   374        SH:  3    Dex:  7 (10) Spells: 0 memorised, 9 levels left

rFire  . . .     SeeInvis .     a - +1 quarterstaff
rCold  . . .     Gourm    .     q - +0 plate armour
rNeg   + . .     Faith    .     (shield currently unavailable)
rPois  ∞         Spirit   .     I - +1 helmet
rElec  +         Reflect  +     h - +0 cloak
rCorr  .         Harm     .     e - +1 pair of gloves
MR     .....                    (no boots)
Stlth  ..........               x - +3 amulet of reflection
                                (no ring)
                                (no ring)

@: no status effects
A: negative energy resistance 1, electricity resistance, unbreathing,
petrification resistance, rot immunity, AC +7
a: Heroism, Renounce Religion


You were on level 8 of the Dungeon.
You worshipped Okawaru.
Okawaru was aware of your devotion.
You were hungry.

You visited 2 branches of the dungeon, and saw 9 of its levels.

You collected 398 gold pieces.
You spent 24 gold pieces at shops.

Inventory:

Hand Weapons
 a - a +1 quarterstaff (weapon)
Missiles
 d - 3 throwing nets (quivered)
 g - 3 needles of paralysis
 j - 48 poisoned needles
 H - 5 curare-tipped needles
Armour
 e - a +1 pair of gloves (worn)
 h - a +0 cloak (worn)
 q - a +0 plate armour (worn)
 I - a +1 helmet (worn)
Jewellery
 x - a +3 amulet of reflection (around neck)
Scrolls
 m - a scroll of amnesia
 r - a scroll of identify
 y - 2 scrolls of enchant weapon
 B - a scroll of remove curse
 F - a scroll of fear
 G - 2 scrolls of enchant armour
 J - a scroll of random uselessness {unknown}
Potions
 c - a potion of berserk rage
 i - a potion of heal wounds {unknown}
 l - a potion of might {unknown}
 p - 4 potions of curing
 s - 2 potions of magic
 u - a potion of mutation {unknown}
 v - 2 potions of lignification
 z - 4 potions of agility
 C - a potion of brilliance {unknown}
 D - 4 potions of flight
 E - 2 potions of haste
 K - 2 potions of degeneration
Books
 n - a book of Changes

   Spells                             Type                      Level
   a - Beastly Appendage              Transmutation                1
   b - Sticks to Snakes               Transmutation                2
   c - Spider Form                    Transmutation/Poison         3
   d - Ice Form                       Ice/Transmutation            4
   e - Blade Hands                    Transmutation                5
Comestibles
 f - 8 bread rations
 k - 4 fruits
 o - 4 beef jerkies
 t - a slice of pizza
 w - a meat ration
 A - 3 royal jellies


   Skills:
 - Level 8.1 Fighting
 + Level 10.3 Staves
 - Level 1.7 Throwing
 - Level 7.5 Armour
 + Level 5.1 Dodging


You had 9 spell levels left.
You didn't know any spells.

Dungeon Overview and Level Annotations

Branches:
Dungeon (8/15)             Temple (1/1) D:6
   Lair: D:8-11

Altars:
Ashenzari
Cheibriados
Dithmenos
Elyvilon
Fedhas
Gozag
Kikubaaqudgha
Makhleb
Nemelex Xobeh
Okawaru
Qazlal
Ru
Sif Muna
Trog
Uskayaw
Vehumet
Xom
Yredelemnul
Zin

Shops:
D:4 %*   D:7 *


Innate Abilities, Weirdness & Mutations

You are resistant to torment.
Your stone body is resilient. (AC +7)
You are immune to poison.
You resist negative energy. (rN+)
You are resistant to electric shocks. (rElec)
You can survive without breathing.
You are immune to petrification.
You are immune to rotting.


Message History

* * * LOW HITPOINT WARNING * * *
The killer bee stings you but does no damage.
You are too injured to fight recklessly!
You are too injured to fight recklessly!
You are too injured to fight recklessly!
You are too injured to fight recklessly!
You are too injured to fight recklessly!
It was a potion of degeneration.
There was something very wrong with that liquid.
You feel weakened.
You feel dopey.
You feel clumsy. You block the killer bee's attack.
The killer bee barely misses you.
The killer bee stings you but does no damage. x4
You block the killer bee's attack.
The killer bee stings you but does no damage.
The killer bee closely misses you. The killer bee barely misses you.
The killer bee stings you but does no damage. x2
The killer bee barely misses you.
The killer bee stings you but does no damage.
The killer bee stings you.
You die...

.######........yyy...#
#####. ........y@yy..#
...............yyy..>#
................y.......
....#.. ...........####
....# .....#...### ....#
######.... ##### #..##
#..#


You could see a queen bee and 9 killer bees.

Vanquished Creatures
  A hill giant (D:6)
  Grinder (D:4)
  A hornet (D:7)
  A wyvern (D:7)
  Edmund (D:5)
  Duvessa (D:7)
  3 orc warriors
  4 ice beasts
  2 phantoms
  A black bear (D:5)
  4 ogres
  2 centaurs
  A big kobold (D:7)
  4 bullfrogs
  A water moccasin zombie (D:8)
  A scorpion (D:8)
  Dowan (D:7)
  3 wights (D:7)
  2 jellies
  6 killer bees
  A crimson imp (D:5)
  A gnoll shaman (D:7)
  4 hounds
  7 orc priests
  2 bullfrog skeletons (D:4)
  7 orc wizards
  Natasha (thrice) (D:3)
  4 worker ants
  A hound skeleton (D:4)
  9 adders
  15 gnolls
  A shadow imp (D:5)
  An ooze (D:3)
  An adder skeleton (D:7)
  4 worms
  2 dart slugs
  2 leopard geckos
  27 orcs
  9 giant cockroaches
  11 hobgoblins
  9 jackals
  14 kobolds
  5 quokkas
  10 bats
  2 frilled lizards (D:2)
  10 goblins
  A leopard gecko skeleton (D:4)
  2 quokka skeletons (D:5)
  10 rats
216 creatures vanquished.

Notes
Turn   | Place    | Note
-------+----------+-------------------------------------------
     0 | D:1      | ImaNewbie the Gargoyle Gladiator began the quest for the Orb.
     0 | D:1      | Reached XP level 1. HP: 12/12 MP: 1/1
    75 | D:1      | Reached XP level 2. HP: 8/17 MP: 2/2
   491 | D:1      | Reached skill level 4 in Staves
   688 | D:2      | Reached XP level 3. HP: 21/21 MP: 3/3
  1154 | D:2      | Reached XP level 4. HP: 25/26 MP: 4/4
  1321 | D:1      | Reached skill level 5 in Staves
  1530 | D:2      | Found a hide-covered altar of Uskayaw.
  1536 | D:2      | Found a shattered altar of Ashenzari.
  1539 | D:2      | Found a sparkling altar of Nemelex Xobeh.
  1659 | D:3      | Reached XP level 5. HP: 30/30 MP: 5/5
  1823 | D:3      | Reached skill level 6 in Staves
  2445 | D:3      | Noticed Natasha
  2450 | D:3      | Killed Natasha
  2450 | D:3      | Reached XP level 6. HP: 35/35 MP: 6/6
  2726 | D:3      | Noticed Natasha
  2739 | D:3      | Killed Natasha
  2882 | D:3      | Noticed Natasha
  2889 | D:3      | Killed Natasha
  2889 | D:3      | Reached skill level 7 in Staves
  3078 | D:4      | Found Veteas's Food Emporium.
  3080 | D:4      | Noticed a phantom
  3107 | D:4      | Killed a phantom
  3107 | D:4      | Reached XP level 7. HP: 37/40 MP: 7/7
  3124 | D:4      | Reached skill level 8 in Staves
  3147 | D:4      | Found a snail-covered altar of Cheibriados.
  3164 | D:4      | Found Gozag's Platinum Reserve.
  3165 | D:4      | Found an opulent altar of Gozag.
  3292 | D:4      | Noticed Grinder
  3297 | D:4      | Paralysed by Grinder for 2 turns
  3314 | D:4      | Paralysed by Grinder for 5 turns
  3330 | D:4      | Killed Grinder
  3330 | D:4      | Reached skill level 9 in Staves
  3473 | D:3      | Reached skill level 1 in Armour
  3473 | D:3      | Reached XP level 8. HP: 29/45 MP: 8/8
  3678 | D:4      | Found a sacrificial altar of Ru.
  4151 | D:5      | Entered Level 5 of the Dungeon
  4190 | D:5      | Noticed Edmund
  4207 | D:5      | Killed Edmund
  4521 | D:5      | Found a white marble altar of Elyvilon.
  4605 | D:5      | Reached skill level 5 in Fighting
  5602 | D:6      | Reached skill level 5 in Armour
  5633 | D:6      | Reached XP level 9. HP: 32/55 MP: 9/9
  5635 | D:6      | Found a blossoming altar of Fedhas.
  5660 | D:6      | Found a burning altar of Makhleb.
  6578 | D:6      | Noticed a hill giant
  6677 | D:6      | Killed a hill giant
  6758 | D:6      | Found an ancient bone altar of Kikubaaqudgha.
  7044 | D:6      | Found a staircase to the Ecumenical Temple.
  7075 | Temple   | Entered the Ecumenical Temple
  7095 | Temple   | Became a worshipper of Warmaster Okawaru
  7756 | D:7      | Found Gucw's General Store.
  7759 | D:7      | Bought a scroll of identify for 24 gold pieces
  7816 | D:7      | Reached XP level 10. HP: 63/64 MP: 10/10
  8088 | D:7      | Noticed Dowan
  8089 | D:7      | Noticed Duvessa
  8102 | D:7      | Killed Dowan
  8114 | D:7      | Killed Duvessa
  8517 | D:7      | Reached skill level 10 in Staves
  8772 | D:7      | Reached * piety under Okawaru
  9054 | D:8      | Reached skill level 5 in Dodging
  9268 | D:8      | HP: 3/64 [killer bee (1)]
  9269 | D:8      | Slain by a killer bee

Skill      XL: |  1  2  3  4  5  6  7  8  9 10 |
---------------+-------------------------------+-----
Staves         | 4 5 6 7 9 10 | 10.3
Armour         | 1 5 7 |  7.5
Fighting       | 6 8 |  8.1
Dodging        | 3 5 |  5.1
Throwing       | |  1.7

Action                   |  1- 3 |  4- 6 |  7- 9 | 10-12 || total
-------------------------+-------+-------+-------+-------++-------
Melee: Quarterstaff      |    92 |   233 |   414 |   205 ||   944
Throw: Throwing net      |       |       |     3 |       ||     3
  Use: Scroll            |       |    10 |     7 |     1 ||    18
       Potion            |       |       |     1 |     1 ||     2
 Stab: Paralysed         |       |       |     1 |       ||     1
  Eat: Chunk             |     1 |     6 |    13 |     2 ||    22
       Meat ration       |       |       |     1 |       ||     1
Armor: Leather armour    |     6 |       |       |       ||     6
       Plate armour      |    75 |   174 |   267 |   238 ||   754
Dodge: Dodged            |    44 |    58 |   135 |   134 ||   371
Block: Other             |     2 |    24 |    43 |    28 ||    97
       Reflection        |       |     1 |     2 |       ||     3
